 Dungeon Crawl Stone Soup version 0.23-a0-370-gf497b7c (webtiles) character file.

89 Firecrotchwizard the Chiller (level 4, 23/23 HPs)
             Began as a Vine Stalker Ice Elementalist on Oct 23, 2018.
             Quit the game on level 2 of the Dungeon on Oct 24, 2018.
             The game lasted 00:04:55 (1523 turns).

Firecrotchwizard the Chiller (VSIE)                 Turns: 1523, Time: 00:04:56

Health: 23/23      AC:  4    Str: 11    XL:     4   Next: 55%
Magic:  7/8        EV: 12    Int: 15    God:
Gold:   55         SH:  0    Dex: 15    Spells: 6/7 levels left

rFire    . . .     SeeInvis .   h - +0 dagger
rCold    . . .     Gourm    .   (no shield)
rNeg     . . .     Faith    .   a - +0 robe
rPois    .         Spirit   +   e - +0 helmet
rElec    .         Reflect  .   (no cloak)
rCorr    .         Harm     .   n - +0 pair of gloves (curse)
MR       .....                  (no boots)
Stlth    ++........             (no amulet)
HPRegen  0.47/turn              (no ring)
MPRegen  0.11/turn              (no ring)

@: no status effects
A: fangs 2, regeneration 1, magic shield, antimagic bite, no potion heal 3, rot
immunity
a: no special abilities


You were on level 2 of the Dungeon.
You were not hungry.

You visited 1 branch of the dungeon, and saw 2 of its levels.

You collected 55 gold pieces.

Inventory:

Hand Weapons
 h - a +0 dagger (weapon)
   (You took it off a kobold on level 1 of the Dungeon)
Missiles
 f - a throwing net {=f, !d}
Armour
 a - a +0 robe (worn)
 e - a +0 helmet (worn)
   (You found it on level 1 of the Dungeon)
 n - a cursed +0 pair of gloves (worn)
   (You found it on level 2 of the Dungeon)
Scrolls
 b - a scroll of identify {unknown}
 k - a scroll of random uselessness {unknown}
Potions
 g - a potion of haste {unknown}
 i - a potion of brilliance {unknown}
 j - a potion of agility {unknown}
 l - a potion of resistance {unknown}
 m - a potion of curing {unknown}
Comestibles
 c - 2 rations
 d - 5 chunks of flesh {@w0}


   Skills:
 + Level 1.8 Fighting
 * Level 2.8 Short Blades
 - Level 1.6 Dodging
 - Level 2.4 Stealth
 - Level 0.4 Unarmed Combat
 - Level 2.1 Spellcasting
   Level 1.0 Conjurations
 - Level 3.0 Ice Magic


You had 6 spell levels left.
You knew the following spells:

 Your Spells              Type           Power        Failure   Level  Hunger
a - Freeze                Ice            ##..         6%          1    #......

Your spell library contained the following spells:

 Spells                   Type           Power        Failure   Level  Hunger
 Throw Frost              Conj/Ice       #.....       14%         2    ###....
 Ozocubu's Armour         Chrm/Ice       #.......     34%         3    ###....
 Throw Icicle             Conj/Ice       #.......     67%         4    #####..
 Summon Ice Beast         Ice/Summ       #.......     75%         4    #####..


Dungeon Overview and Level Annotations

Branches:
Dungeon (2/15)

Altars:


Innate Abilities, Weirdness & Mutations

You have extremely sharp teeth.
Your natural rate of healing is unusually fast.
When hurt, damage is shared between your health and your magic reserves.
Your bite disrupts and absorbs the magic of your enemies.
Potions cannot restore your health.
You are immune to rotting.


Message History

You eat one of the 5 chunks of flesh {@w0}.
You see here an adder skeleton.
There is a stone staircase leading up here.
There is a stone staircase leading up here.
You see here an adder skeleton.
A leopard gecko comes into view.
The leopard gecko hisses angrily.
You closely miss the leopard gecko.
The leopard gecko completely misses you.
You hit the leopard gecko but do no damage.
The leopard gecko closely misses you. x2
You hit the leopard gecko. The leopard gecko closely misses you.
You barely miss the leopard gecko. Your bite misses the leopard gecko.
The leopard gecko barely misses you.
You hit the leopard gecko but do no damage.
Your bite misses the leopard gecko. The leopard gecko barely misses you.
You barely miss the leopard gecko. Your bite misses the leopard gecko.
The leopard gecko barely misses you.
You barely miss the leopard gecko.
The leopard gecko bites you but does no damage.
You completely miss the leopard gecko. Your bite misses the leopard gecko.
The leopard gecko bites you.
You take 3 damage, and have 20/23 hp.
You now have 7/8 mp.
You closely miss the leopard gecko. Your bite misses the leopard gecko.
The leopard gecko bites you.
You now have 6/8 mp.
You hit the leopard gecko.
You kill the leopard gecko!
You see here a leopard gecko corpse.
You butcher the leopard gecko corpse.
d - 5 chunks of flesh {@w0} (gained 1)
You see here a leopard gecko skeleton.
Some of the chunks of flesh in your inventory have rotted away.
You see here a leopard gecko skeleton.
An adder comes into view.
The adder hisses angrily.
Health restored: 23 The adder bites you.
You take 2 damage, and have 21/23 hp.
You now have 6/8 mp.
You hit the adder. The adder bites you.
You take 1 damage, and have 20/23 hp.
You hit the adder but do no damage. Your bite misses the adder.
The adder bites you.
You take 1 damage, and have 19/23 hp.
You miss the adder. Your bite misses the adder. The adder bites you.
You now have 6/8 mp.
You barely miss the adder. The adder completely misses you.
You closely miss the adder. The adder barely misses you.
You closely miss the adder. Your bite misses the adder.
The adder barely misses you.
You hit the adder but do no damage. The adder misses you.
The adder barely misses you.
You closely miss the adder. The adder bites you.
You miss the adder. The adder bites you but does no damage.
You closely miss the adder. Your bite misses the adder. The adder bites you.
You are poisoned.
The adder poisons you!
You take 1 damage, and have 19/23 hp.
You hit the adder but do no damage.
You feel sick. The adder barely misses you.
You take 1 damage, and have 18/23 hp.
You hit the adder. The adder bites you but does no damage.
You miss the adder. The adder barely misses you.
You barely miss the adder.
You feel sick. The adder closely misses you. The adder bites you.
You are more poisoned.
The adder poisons you!
You take 5 damage, and have 14/23 hp.
MASSIVE DAMAGE!!
You now have 6/8 mp.
Aim: an adder (heavily wounded)
You freeze the adder. The adder barely misses you.
You now have 5/8 mp.
Aim: an adder (heavily wounded)
You freeze the adder.
The adder seems to slow down.
You feel sick. The adder bites you.
You take 2 damage, and have 13/23 hp.
You now have 4/8 mp.
Aim: an adder (severely wounded, slow)
You freeze the adder.
You kill the adder!
You now have 3/8 mp.
You start resting.
You feel sick. x6
You are no longer poisoned.
You regained 3 hp, and now have 17/23 hp.
You regained 2 mp, and now have 5/8 mp.
You start resting.
Health restored: 23; MP restored: 8 Welcome back, Firecrotchwizard the Vine Stalker Ice Elementalist.
There is a stone staircase leading down here.
A goblin comes into view. It is wielding a +0 dagger.
You can't see any susceptible monsters within range! (Use Z to cast anyway.)
Aim: a goblin, wielding a +0 dagger You freeze the goblin.
You kill the goblin!
You now have 7/8 mp.
Things that are here:
a +0 dagger; a goblin corpse You butcher the goblin corpse.
d - 5 chunks of flesh {@w0} (gained 1)
Things that are here:
a +0 dagger; a goblin skeleton

#####......#
######.######
#......#######
######.......###
#######...###
###...####
################....#
...........)........#
.......@..###########
...............
###############


There were no monsters in sight!

Vanquished Creatures
  A worker ant (D:2)
  4 adders (D:2)
  A dart slug (D:2)
  A leopard gecko (D:2)
  3 bats
  A giant cockroach (D:2)
  5 goblins
  A hobgoblin (D:1)
  9 frilled lizards (D:2)
  3 kobolds
  6 rats
35 creatures vanquished.

Notes
Turn   | Place    | Note
-------+----------+-------------------------------------------
     0 | D:1      | Firecrotchwizard the Vine Stalker Ice Elementalist began
                  | the quest for the Orb.
     0 | D:1      | Reached XP level 1. HP: 9/9 MP: 4/4
   431 | D:1      | Reached XP level 2. HP: 14/14 MP: 6/6
   630 | D:2      | Reached skill level 1 in Short Blades
   778 | D:2      | meem: I am meem, an upgrade of beem built by MalcolmRose
                  | (check out Malcolm's DCSS vids and other projects at
                  | http://youtube.com/malcolmrosegaming). To have me follow
                  | you in your games, type !subscribemeem - to make me go away
                  | forever, type !quitmeem - For help, type: !meem
   818 | D:2      | Reached skill level 1 in Fighting
   946 | D:2      | Reached skill level 2 in Short Blades
   946 | D:2      | Reached XP level 3. HP: 18/18 MP: 1/7
  1188 | D:2      | Gained mutation: Your natural rate of healing is unusually
                  | fast. [Vine Stalker growth]
  1188 | D:2      | Reached XP level 4. HP: 21/22 MP: 8/8
  1253 | D:2      | Firecrotchwizard: !meem
  1253 | D:2      | meem: I'm a bot that sends commands to the DCSS IRC
                  | knowledge bots. Check out
                  | http://www.dungeoncrawlstonesoup.com/meemcommandguide.html
                  | for information on how to use this bot. I was made as an
                  | upgrade to beem by MalcolmRose of rosecrypto.com. I will
                  | never ban you, make you cry, say goodbye, or tell a lie and
                  | hurt you. To have me watch your games on this server, type
                  | !subscribemeem - to make me go away, type !quitmeem - to
                  | contact the owner, visit https://discord.gg/NEQdPWq
  1471 | D:2      | Upgraded the game from 0.23-a0-359-g9beedce to
                  | 0.23-a0-370-gf497b7c
  1523 | D:2      | Quit the game

Vault maps used:
D:1:      eino_arrival_tree_alley, hex_intersection
D:2:      first_ration, minmay_lizard_pond

Skill      XL: |  1  2 |
---------------+-------+-----
Short Blades   | 2 |  2.8
Fighting       | 1 |  1.8
Dodging        | |  1.6
Stealth        | |  2.4
Unarmed Combat | |  0.4
Spellcasting   | |  2.1
Conjurations   | |  1.0
Ice Magic      | |  3.0

Action                   |  1- 3 |  4- 6 || total
-------------------------+-------+-------++-------
Melee: Unarmed           |     7 |       ||     7
       Dagger            |    48 |    41 ||    89
       Bite              |     4 |     5 ||     9
 Cast: Freeze            |    11 |     9 ||    20
 Stab: Sleeping          |     2 |       ||     2
  Eat: Chunk             |     1 |     1 ||     2
Armor: Robe              |    13 |     5 ||    18
Dodge: Dodged            |    40 |    28 ||    68

Table legend:
 A = Non-vault XP
 B = Vault XP
 C = Vault XP percentage of total XP
 D = Non-vault monster count
 E = Vault monster count
 F = Vault count percentage of total count
                 A         B        C        D         E       F
            +---------+---------+-------+---------+---------+-------
      Total |     121 |       7 |   5.5 |      28 |       7 |  20.0
            +---------+---------+-------+---------+---------+-------
        D:1 |      10 |       0 |   0.0 |       6 |       0 |   0.0
        D:2 |     111 |       7 |   5.9 |      22 |       7 |  24.1
            +---------+---------+-------+---------+---------+-------

Vault maps used:
D:1:      eino_arrival_tree_alley, hex_intersection
D:2:      first_ration, minmay_lizard_pond

Table legend:
 A = Turns spent in this place as a percentage of turns spent in the entire game.
 B = Non-inter-level travel turns spent in this place as a percentage of non-inter-level travel turns spent in the entire game.
 C = Inter-level travel turns spent in this place as a percentage of turns spent in this place.
 D = Turns resting spent in this place as a percentage of non-inter-level travel turns spent in this place.
 E = Turns spent auto-exploring this place as a percentage of non-inter-level travel turns spent in this place.
 F = Non-inter-level travel turns spent in this place divided by the number of levels of this place that you've seen.
                   A       B       C       D       E      F
               +-------+-------+-------+-------+-------+----------------------
         Total | 100.0 | 100.0 |   0.9 |  34.6 |  42.1 | 754.5
       Dungeon | 100.0 | 100.0 |   0.9 |  34.6 |  42.1 | 754.5
               +-------+-------+-------+-------+-------+----------------------

Table legend:
 A = Kills in this place as a percentage of kills in entire the game.
 B = Kills by you in this place as a percentage of kills by you in the entire game.
 C = Kills by friends in this place as a percentage of kills by friends in the entire game.
 D = Other kills in this place as a percentage of other kills in the entire game.
 E = Experience gained in this place as a percentage of experience gained in the entire game.
 F = Experience gained in this place divided by the number of levels of this place that you have seen.
                   A       B       C       D       E      F
               +-------+-------+-------+-------+-------+----------------------
         Total | 100.0 | 100.0 |   N/A |   N/A | 100.0 |  64.0
       Dungeon | 100.0 | 100.0 |   N/A |   N/A | 100.0 |  64.0
               +-------+-------+-------+-------+-------+----------------------
